 Dungeon Crawl Stone Soup version 0.20.0-15-g7f486f2 (webtiles) character file.

109 renl the Chopper (level 4, 0/29 HPs)
             Began as a Gargoyle Monk on July 1, 2017.
             Was a Believer of the Shining One.
             Killed from afar by lokibrotherofthor's ghost (19 damage)
             ... with a flame tongue
             ... on level 4 of the Dungeon.
             The game lasted 00:07:36 (2068 turns).

renl the Chopper (Gargoyle Monk)                    Turns: 2068, Time: 00:07:36

Health: 0/29       AC: 15    Str: 19    XL:     4   Next: 90%
Magic:  4/4        EV: 11    Int: 11    God:    the Shining One [**....]
Gold:   137        SH:  0    Dex: 12    Spells: 3/3 levels left

rFire    . . .     SeeInvis .   a - +0 hand axe
rCold    . . .     Gourm    .   (no shield)
rNeg     + + .     Faith    .   j - +0 ring mail
rPois    ∞         Spirit   .   o - +0 helmet
rElec    +         Reflect  .   g - +1 cloak {MR+}
rCorr    .         Harm     .   r - +2 pair of gloves
MR       +....                  B - +0 pair of boots
Stlth    +.........             (no amulet)
Regen    0.1/turn               d - +4 ring of strength
MPRegen  0.1/turn               (no ring)

@: glowing
A: negative energy resistance 1, electricity resistance, unbreathing,
petrification resistance, rot immunity, AC +3
a: Divine Shield, Renounce Religion


You were on level 4 of the Dungeon.
You worshipped the Shining One.
The Shining One was pleased with you.
You were not hungry.

You visited 1 branch of the dungeon, and saw 4 of its levels.

You collected 137 gold pieces.

Inventory:

Hand Weapons
 a - a +0 hand axe (weapon)
 v - a +1 trident of protection
Armour
 g - a +1 cloak of magic resistance (worn)
 j - a +0 ring mail (worn)
 o - a +0 helmet (worn)
 r - a +2 pair of gloves (worn)
 B - a +0 pair of boots (worn)
Jewellery
 d - a +4 ring of strength (left hand)
Scrolls
 b - 4 scrolls of identify {unknown}
 h - a scroll of fear {unknown}
 m - 2 scrolls of fog {unknown}
 n - 3 scrolls of remove curse {unknown}
 q - a scroll of blinking {unknown}
 t - 3 scrolls of teleportation {unknown}
 u - 3 scrolls of enchant armour {unknown}
 w - a scroll of amnesia {unknown}
 y - 3 scrolls of enchant weapon {unknown}
Potions
 e - a potion of curing {unknown}
 f - a potion of ambrosia {unknown}
 k - a potion of flight {unknown}
 l - a potion of agility {unknown}
 p - a potion of magic {unknown}
 x - a potion of heal wounds {unknown}
 z - a potion of haste {unknown}
 C - a potion of might {unknown}
Comestibles
 c - 3 bread rations
 i - 2 meat rations
 s - 3 fruits


   Skills:
 + Level 4.1 Fighting
 * Level 4.3 Axes
 + Level 0.2 Armour
 - Level 2.4 Dodging
 - Level 2.1 Stealth


You had 3 spell levels left.
You didn't know any spells.

Dungeon Overview and Level Annotations

Branches:
Dungeon (4/15)
 Temple: D:4-7

Altars:
Fedhas
Makhleb
Nemelex Xobeh
Vehumet
The Shining One

Annotations:
D:4 lokibrotherofthor's ghost, amateur HuFE


Innate Abilities, Weirdness & Mutations

You are resistant to torment.
Your stone body is resilient. (AC +3)
You are immune to poison.
You resist negative energy. (rN+)
You are resistant to electric shocks. (rElec)
You can survive without breathing.
You are immune to petrification.
You are immune to rotting.


Message History

You slash lokibrotherofthor's ghost!
Lokibrotherofthor's ghost is moderately damaged.
Lokibrotherofthor's ghost hits you but does no damage.
You barely miss lokibrotherofthor's ghost.
Lokibrotherofthor's ghost is moderately damaged.
Lokibrotherofthor's ghost makes a sound of rattling chains.
Lokibrotherofthor's ghost casts a spell at you.
The flame tongue hits you!
You hit lokibrotherofthor's ghost.
Lokibrotherofthor's ghost is heavily damaged.
Lokibrotherofthor's ghost hits you but does no damage.
You closely miss lokibrotherofthor's ghost.
Lokibrotherofthor's ghost is heavily damaged.
Lokibrotherofthor's ghost hits you.
You hit lokibrotherofthor's ghost.
Lokibrotherofthor's ghost is heavily damaged.
Lokibrotherofthor's ghost casts a spell at you.
The flame tongue hits you!
Ouch! That really hurt!
You die...

#.######.#.##########.#
###.##.#...#.# #
..........(#.#
##.#####.#.#W#
#.....#.#.#.#
#####.#.#.#.#
######.#.#.#.# .
.........#.#.#########....
######.#...#...W@.†.......
#.#.#############....
######.#........# .
#........###.....
#........# ... #........#
. .....#.### ####.#.#
#.#.#


You could see lokibrotherofthor's ghost.

Vanquished Creatures
  A crimson imp (D:3)
  2 adders
  An ooze (D:1)
  A dart slug (D:1)
  3 leopard geckos
  5 orcs (D:3)
  5 bats
  2 giant cockroaches
  6 goblins
  5 hobgoblins
  4 kobolds
  2 quokkas
  3 frilled lizards
  2 rats
42 creatures vanquished.

Notes
Turn   | Place    | Note
-------+----------+-------------------------------------------
     0 | D:1      | renl the Gargoyle Monk began the quest for the Orb.
     0 | D:1      | Reached XP level 1. HP: 14/14 MP: 1/1
    44 | D:1      | Reached XP level 2. HP: 19/19 MP: 2/2
   819 | D:2      | Reached XP level 3. HP: 22/24 MP: 3/3
  1574 | D:3      | Reached XP level 4. HP: 22/29 MP: 4/4
  1728 | D:3      | Found a radiant altar of Vehumet.
  1728 | D:3      | Found a blossoming altar of Fedhas.
  1739 | D:3      | Found a burning altar of Makhleb.
  1741 | D:3      | Found a glowing golden altar of the Shining One.
  1743 | D:3      | Found a sparkling altar of Nemelex Xobeh.
  1756 | D:3      | Became a worshipper of the Shining One
  1756 | D:3      | Reached * piety under the Shining One
  1756 | D:3      | Reached ** piety under the Shining One
  2023 | D:4      | Noticed lokibrotherofthor's ghost (amateur HuFE)
  2068 | D:4      | Killed from afar by lokibrotherofthor's ghost

Skill      XL: |  1  2  3 |
---------------+----------+-----
Axes           | 3 4 |  4.3
Fighting       | 4 |  4.1
Armour         | |  0.2
Dodging        | |  2.4
Stealth        | |  2.1

Action                   |  1- 3 |  4- 6 || total
-------------------------+-------+-------++-------
Melee: Hand axe          |   130 |    51 ||   181
 Stab: Sleeping          |     1 |       ||     1
  Eat: Chunk             |     2 |     2 ||     4
Armor: Robe              |    21 |       ||    21
       Ring mail         |    39 |    29 ||    68
Dodge: Dodged            |    81 |    35 ||   116
